 Dungeon Crawl Stone Soup version 0.31.0-11-ge490571c62 (webtiles) character file.

Game seed: 8816879860689431327

228 qw the Shooter (level 5, 0/26 HPs)
             Began as a Spriggan Hunter on Feb 3, 2024.
             Slain by a cerulean imp
             ... wielding a +2 spear
             ... summoned by Natasha
              (4 damage)
             ... on level 4 of the Dungeon.
             The game lasted 00:00:08 (1932 turns).

qw the Shooter (Spriggan Hunter)                    Turns: 1932, Time: 00:00:08

Health: 0/26       AC:  2    Str:  6 (7)  XL:     5   Next: 70%
Magic:  6/6        EV: 19    Int:  8 (11) God:
Gold:   155        SH:  0    Dex: 17 (20) Spells: 4/4 levels left

rFire   . . .        a - +0 shortbow
rCold   + . .        (shield currently unavailable)
rNeg    . . .        c - +0 robe
rPois   .            (helmet restricted)
rElec   .            (no cloak)
rCorr   .            (gloves unavailable)
SInv    +            (boots unavailable)
Will    .....        (no amulet)
Stlth   ++           e - ring of protection from cold
HPRegen 0.24/turn    (no ring)
MPRegen 0.10/turn

%: no passive effects
@: very quick
A: very small, no large weapons, unfitting armour, see invisible, speed 3
a: no special abilities


You were on level 4 of the Dungeon.
You visited 1 branch of the dungeon, and saw 4 of its levels.

You collected 155 gold pieces.


Innate Abilities, Weirdness & Mutations

You are very small and have problems with some larger weapons.
You are too small for most types of armour.
You have supernaturally acute eyesight. (SInv)
You cover ground extremely quickly. (Speed+++)


   Skills:
 - Level 2.3 Fighting
 + Level 5.8 Ranged Weapons
 - Level 5.1 Dodging
 - Level 1.5 Stealth


You had 4 spell levels left.
You didn't know any spells.
Your spell library was empty.

Inventory:

Hand Weapons
 a - a +0 shortbow (weapon)
Armour
 c - a +0 robe (worn)
Jewellery
 e - a ring of protection from cold (left hand)
Wands
 h - a wand of iceblast (2)
Potions
 d - a potion of heal wounds
 f - a potion of enlightenment
 k - a potion of lignification {unknown}

Dungeon Overview and Level Annotations

Branches:
Dungeon (4/15)
 Temple: D:4-7

Altars:
Uskayaw
Xom

Annotations:
D:4 Natasha


Message History

Blork the orc closely misses you. Natasha claws you. Blork the orc misses you.
1924 ||| DRINKING 2 potions of heal wounds.
You feel much better.
Blork the orc looks angry.
Blork the orc casts a spell at you. The magic dart hits you!
Natasha barely misses you.
Blork the orc hits you with a +0 hand axe.
You shoot an arrow. The arrow barely misses Blork the orc.
Natasha closely misses you. Blork the orc closely misses you.
You shoot an arrow. The arrow closely misses Blork the orc.
Blork the orc barely misses you.
Natasha stares at you and mumbles some strange words.
You easily resist.
Blork the orc hits you with a +0 hand axe!
Natasha closely misses you.
You shoot an arrow. The arrow hits Blork the orc.
You kill Blork the orc!
Natasha mumbles some strange words.
You feel your strength returning.
You shoot an arrow. The arrow hits the cerulean imp.
The cerulean imp is lightly wounded.
The iguana misses you. Natasha closely misses you.
The cerulean imp closely misses you.
You shoot an arrow.
The arrow hits the cerulean imp but does no damage.
The cerulean imp is lightly wounded.
The iguana misses you. Natasha completely misses you.
The cerulean imp barely misses you.
You shoot an arrow. The arrow hits the cerulean imp.
The cerulean imp is heavily wounded.
The iguana barely misses you. Natasha completely misses you.
The cerulean imp misses you. The iguana closely misses you.
You shoot an arrow.
The arrow closely misses the cerulean imp.
Natasha barely misses you. The cerulean imp closely misses you.
The iguana misses you.
You shoot an arrow. The arrow misses the cerulean imp.
Natasha claws you.
The cerulean imp hits you with a +2 spear.
You die...

#########
#........
.........
........
......
#... ##5#
#@<#
#hl##
....##
....<.
#.....
.......
...!...
.#.....


You could see an iguana, Natasha and a cerulean imp (summoned).

Vanquished Creatures
  Blork the orc (D:4)
  An orc priest (D:3)
  An iguana (D:3)
  4 adders
  A dart slug (D:1)
  A ribbon worm (D:2)
  6 orcs (D:3)
  7 bats
  5 endoplasms
  2 giant cockroaches
  6 goblins
  4 hobgoblins
  7 kobolds
  A quokka (D:2)
  4 ball pythons
  3 frilled lizards
  7 rats
61 creatures vanquished.

Notes
Turn   | Place    | Note
-------+----------+-------------------------------------------
     0 | D:1      | qw the Spriggan Hunter began the quest for the Orb.
     0 | D:1      | Reached XP level 1. HP: 10/10 MP: 2/2
     0 | D:1      | 0 ||| qw: Version: 0.3-a-158-g18b3111
     0 | D:1      | 0 ||| qw: Game counter: 4144
     0 | D:1      | 0 ||| qw: Melee chars always use a shield: true
     0 | D:1      | 0 ||| qw: God list: Okawaru
     0 | D:1      | 0 ||| qw: Allow faded altars: false
     0 | D:1      | 0 ||| qw: Do Orc after clearing Dungeon:15 true
     0 | D:1      | 0 ||| qw: Do second Lair branch before Depths: true
     0 | D:1      | 0 ||| qw: Lair rune preference: random
     0 | D:1      | 0 ||| qw: Goals: Normal
     0 | D:1      | 0 ||| PLANNING D:1-11
    29 | D:1      | Reached skill level 3 in Dodging
   199 | D:1      | Reached XP level 2. HP: 14/14 MP: 3/3
   715 | D:1      | 715 ||| READING scroll labelled XAOTHUJESE.
   715 | D:1      | 715 ||| IDENTIFYING black potion
   716 | D:1      | 716 ||| READING scroll labelled DOBRECY LOGAWN.
   717 | D:1      | 717 ||| READING scroll labelled RESMEQ HUWA.
   718 | D:1      | 718 ||| READING scroll labelled WELARO JEQAFAS.
   719 | D:1      | 719 ||| DROPPING scroll of butterflies.
   757 | D:2      | Reached XP level 3. HP: 18/18 MP: 4/4
  1035 | D:2      | Found a hide-covered altar of Uskayaw.
  1200 | D:2      | Reached XP level 4. HP: 8/22 MP: 5/5
  1456 | D:2      | 1456 ||| READING 2 scrolls of identify.
  1456 | D:2      | 1456 ||| IDENTIFYING clear potion
  1457 | D:2      | 1457 ||| READING scroll of identify.
  1457 | D:2      | 1457 ||| IDENTIFYING bubbling clear potion
  1458 | D:2      | 1458 ||| READING scroll labelled IDIAHOSERYUR.
  1459 | D:2      | 1459 ||| DRINKING 2 fizzy golden potions.
  1460 | D:2      | 1460 ||| DROPPING potion of brilliance.
  1461 | D:2      | 1461 ||| DROPPING potion of attraction.
  1462 | D:2      | 1462 ||| DROPPING potion of magic.
  1742 | D:3      | Reached XP level 5. HP: 17/26 MP: 6/6
  1837 | D:3      | Found a shimmering altar of Xom.
  1888 | D:3      | 1888 ||| UPGRADING to ring of protection from cold.
  1889 | D:3      | 1889 ||| READING 2 scrolls of identify.
  1889 | D:3      | 1889 ||| IDENTIFYING metallic grey potion
  1890 | D:3      | 1890 ||| READING scroll of identify.
  1890 | D:3      | 1890 ||| IDENTIFYING viscous coppery potion
  1891 | D:3      | 1891 ||| DRINKING 3 grey potions.
  1892 | D:3      | 1892 ||| DROPPING 2 potions of degeneration.
  1893 | D:3      | 1893 ||| DROPPING potion of ambrosia.
  1912 | D:4      | Noticed Blork the orc
  1918 | D:4      | Noticed Natasha
  1923 | D:4      | HP: 5/26 [Natasha (6)]
  1924 | D:4      | 1924 ||| DRINKING 2 potions of heal wounds.
  1927 | D:4      | Killed Blork the orc
  1932 | D:4      | HP: 4/26 [Natasha (5)]
  1932 | D:4      | Slain by a cerulean imp

Levels and vault maps discovered:
D:1:      minmay_arrival_checkered_box, layout_basic,
          chequers_serial_rivers_small_a, kennysheep_pointless_box,
          minmay_misc_feat_five
D:2:      layout_loops_ring, basic_altar, nicolae_titane
D:3:      layout_rooms, lemuel_round_altar, kennysheep_generic_room_12
D:4:      layout_rooms, nicolae_tso_besieged_by_evil, nicolae_ru_path_of_blood,
          uniq_natasha, uniq_blork_the_orc, uniq_duvessa

Skill      XL: |  1  2  3  4 |
---------------+-------------+-----
Dodging        | 3 4 5 |  5.1
Ranged Weapons | 5 |  5.8
Fighting       | 2 |  2.3
Stealth        | |  1.5

Action                     |  1- 3 |  4- 6 || total
---------------------------+-------+-------++-------
   Fire: Shortbow          |   133 |    57 ||   190
    Use: Scroll            |     4 |     5 ||     9
         Potion            |       |     3 ||     3
 Armour: Robe              |    18 |    10 ||    28
  Dodge: Dodged            |    57 |    33 ||    90

Table legend:
 A = Non-vault XP
 B = Vault XP
 C = Vault XP percentage of total XP
 D = Non-vault monster count
 E = Vault monster count
 F = Vault count percentage of total count
                 A         B        C        D         E       F
            +---------+---------+-------+---------+---------+-------
      Total |     230 |      96 |  29.4 |      60 |       1 |   1.6
            +---------+---------+-------+---------+---------+-------
        D:1 |      34 |       0 |   0.0 |      21 |       0 |   0.0
        D:2 |      75 |       0 |   0.0 |      23 |       0 |   0.0
        D:3 |     121 |       0 |   0.0 |      16 |       0 |   0.0
        D:4 |       0 |      96 | 100.0 |       0 |       1 | 100.0
            +---------+---------+-------+---------+---------+-------
